 Dungeon Crawl Stone Soup version 0.32-a0-377-g951292165a (webtiles) character file.

Game seed: 7481109571764587361

3142 Amplified the Contemplative (level 9, -1/70 (71) HPs)
             Began as a Demonspawn Wanderer on Feb 18, 2024.
             Was a Priest of Cheibriados.
             Slain by a wight
             ... wielding a +0 trident
              (10 damage)
             ... on level 8 of the Dungeon on Feb 19, 2024.
             The game lasted 00:08:33 (7317 turns).

Amplified the Contemplative (Demonspawn Wanderer)   Turns: 7317, Time: 00:08:34

HP:   -1/70 (71)    AC: 15    Str: 20    XL:     9   Next: 61%
MP:   11/15         EV:  6    Int: 23    God:    Cheibriados [***...]
Gold: 346           SH:  0    Dex: 20    Spells: 13/14 levels left

rFire   . . .        a - +3 hand axe
rCold   . . .        (no shield)
rNeg    . . .        e - +0 plate armour
rPois   .            (no helmet)
rElec   .            b - +0 cloak
rCorr   .            (no gloves)
SInv    .            q - +0 pair of boots
Will    .....        (no amulet) Stlth
                     (no ring)
HPRegen 0.31/turn    (no ring)
MPRegen 0.14/turn

%: no passive effects
@: lightly drained, very slow
A: hooves 2, foul stench 1, weakness stinger 1, demonic touch 1
a: Renounce Religion, Bend Time, Temporal Distortion


You were on level 8 of the Dungeon.
You worshipped Cheibriados.
Cheibriados was most pleased with you.
You visited 1 branch of the dungeon, and saw 8 of its levels.

You collected 391 gold pieces.
You spent 45 gold pieces at shops.

Inventory:

Hand Weapons
 a - a +3 hand axe (weapon)
Missiles
 j - 10 curare-tipped darts
Armour
 b - a +0 cloak (worn)
 e - a +0 plate armour (worn)
 g - a +0 buckler
 q - a +0 pair of boots (worn)
Jewellery
 i - an amulet of the acrobat
 s - a +6 ring of dexterity
 x - an amulet of guardian spirit
Wands
 y - a wand of mindburst (10)
Scrolls
 d - a scroll of fear
 f - a scroll of poison
 h - 3 scrolls of enchant armour
 l - 3 scrolls of summoning
 m - 2 scrolls of blinking
 p - a scroll of teleportation
 t - a scroll of brand weapon
 u - a scroll of amnesia
 v - a scroll of identify
 w - a scroll of immolation
Potions
 c - 2 potions of curing
 k - 2 potions of brilliance
 n - 2 potions of degeneration
 o - 2 potions of heal wounds
 z - 3 potions of might
 A - a potion of attraction
Miscellaneous
 r - a condenser vane


   Skills:
 * Level 6.6 Fighting
 * Level 6.8 Axes
 * Level 6.1 Armour
 - Level 1.0 Dodging
 - Level 1.0 Stealth
 * Level 2.3 Shields
 - Level 3.0 Spellcasting
 * Level 8.1 Invocations


You had 13 spell levels left.
You knew the following spells:

 Your Spells              Type           Power      Damage    Failure   Level
a - Summon Small Mammal   Summ           12%        N/A       95%         1

Your spell library contained the following spells:

 Spells                   Type           Power      Damage    Failure   Level
 Call Imp                 Summ           6%         N/A       99%         2
 Sublimation of Blood     Necr           3%         N/A       99%         2
 Call Canine Familiar     Summ           3%         N/A       100%        3
 Summon Hydra             Summ           1%         N/A       100%        7


Dungeon Overview and Level Annotations

Branches:
Dungeon (8/15)             Temple (0/1) D:6
   Lair: D:8-11

Altars:
Cheibriados
Dithmenos
Fedhas
Xom

Shops:
D:5 [   D:6 [   D:7 [


Innate Abilities, Weirdness & Mutations

You have hoof-like feet.
You may rarely emit foul miasma when damaged in melee.
You have a small tail.
Your touch may inflict minor irresistible damage on your foes.


Message History

The water moccasin bites you but does no damage.
Unknown command.
Unknown command.
Unknown command.
You hit the water moccasin. You tail-slap the water moccasin.
The water moccasin is severely wounded.
You hit the centaur.
You kill the centaur!
Cheibriados appreciates the change of pace.
You hit the orc.
You kill the orc!
Cheibriados appreciates the change of pace.
You hit the water moccasin. The water moccasin bites you.
Unknown command.
You hit the water moccasin but do no damage.
You tail-slap the water moccasin.
The water moccasin is almost dead.
You closely miss the water moccasin. You barely miss the wight.
The water moccasin bites you but does no damage.
The wight hits you but does no damage.
The water moccasin bites you but does no damage.
Unknown command.
You hit the water moccasin.
You kill the water moccasin!
Cheibriados appreciates the change of pace.
You hit the water moccasin. You barely miss the wight.
The wight hits you from afar with a +0 trident!
You feel drained. The wight hits you with a +0 dagger.
You feel drained.
The water moccasin bites you but does no damage.
Your condenser vane has recharged.
Unknown command.
Okay, then.
The wight hits you from afar with a +0 trident!
* * * LOW HITPOINT WARNING * * *
The water moccasin bites you but does no damage.
The yak gores you!
* * * LOW HITPOINT WARNING * * *
The wight hits you from afar with a +0 trident!
You die...
Cheibriados appreciates the motionlessness of death.

###. #.. #.#
# # ##.#
##.#.#
##..##o.....
#...#z#....
#.#.So.#
#<.@Yz#
#####)..#
.?.# ##...
####


You could see a yak, an orc warrior, a water moccasin (slow), 2 wights and an
orc.

Vanquished Creatures
  A two-headed ogre (D:6)
  2 steam dragons (D:7)
  A water moccasin (D:8)
  A sky beast (D:7)
  2 black bears
  2 centaurs
  2 phantoms (D:5)
  4 bullfrogs
  A kobold brigand (D:7)
  A gnoll sergeant (D:6)
  3 scorpions
  8 hounds
  2 jellies
  2 gnoll boudas
  An orc priest (D:7)
  A sleepcap (D:5)
  3 iguanas
  2 orc wizards (D:7)
  13 adders
  16 gnolls
  2 shadow imps
  A white imp (D:6)
  A ribbon worm (D:3)
  A dart slug (D:2)
  15 orcs
  5 ball pythons
  11 bats
  6 endoplasms
  5 giant cockroaches
  3 goblins
  9 hobgoblins
  A quokka (D:1)
  6 frilled lizards
  9 kobolds
  7 rats
150 creatures vanquished.

Notes
Turn   | Place    | Note
-------+----------+-------------------------------------------
     0 | D:1      | Amplified the Demonspawn Wanderer began the quest for the
                  | Orb.
     0 | D:1      | Amplified set off with the following items: a +2 hand axe,
                  | a +0 cloak, a potion of curing, a +0 robe; and the
                  | following spell memorised: Summon Small Mammal; and the
                  | following spells available to memorise: Call Canine
                  | Familiar.
     0 | D:1      | Reached XP level 1. HP: 13/13 MP: 4/4
   133 | D:1      | Discovered your monstrous ancestry.
   133 | D:1      | Gained mutation: You have large cloven feet. [demonic
                  | ancestry]
   133 | D:1      | Reached XP level 2. HP: 20/20 MP: 6/6
   147 | D:1      | Reached skill level 1 in Fighting
   302 | D:1      | Reached XP level 3. HP: 26/26 MP: 7/7
  1271 | D:2      | Reached XP level 4. HP: 29/33 MP: 8/8
  1967 | D:3      | Upgraded the game from 0.32-a0-355-ged53ad6fd3 to
                  | 0.32-a0-377-g951292165a
  2118 | D:3      | Found a faded altar of an unknown god.
  2532 | D:3      | Found a snail-covered altar of Cheibriados.
  2548 | D:3      | Became a worshipper of Cheibriados the Contemplative
  2692 | D:3      | Gained mutation: You may rarely emit foul miasma when
                  | damaged in melee. [demonic ancestry]
  2692 | D:3      | Reached XP level 5. HP: 39/39 MP: 9/9
  2966 | D:3      | Reached * piety under Cheibriados
  2973 | D:3      | Reached skill level 2 in Invocations
  3081 | D:4      | Found a blossoming altar of Fedhas.
  3428 | D:4      | Found a shadowy altar of Dithmenos.
  3724 | D:4      | Gained mutation: Your touch may inflict minor irresistible
                  | damage on your foes. [demonic ancestry]
  3724 | D:4      | Reached XP level 6. HP: 40/47 MP: 10/10
  4044 | D:5      | Entered Level 5 of the Dungeon
  4053 | D:5      | Reached skill level 3 in Invocations
  4431 | D:5      | Found Enwilil's Armour Shop.
  4446 | D:5      | Reached XP level 7. HP: 50/53 MP: 11/11
  4688 | D:5      | Reached skill level 4 in Invocations
  5015 | D:5      | Reached ** piety under Cheibriados
  5233 | D:5      | Reached skill level 5 in Axes
  5299 | D:6      | Noticed a two-headed ogre
  5311 | D:6      | Reached skill level 5 in Invocations
  5313 | D:6      | Gained mutation: You have a small tail. [demonic ancestry]
  5313 | D:6      | Reached XP level 8. HP: 61/61 MP: 12/12
  5316 | D:6      | Reached skill level 5 in Fighting
  5316 | D:6      | Killed a two-headed ogre
  5317 | D:6      | Reached skill level 5 in Armour
  5317 | D:6      | Reached skill level 6 in Invocations
  5323 | D:6      | Reached skill level 7 in Invocations
  5333 | D:6      | Gained mutation: You have hoof-like feet. [demonic
                  | ancestry]
  5333 | D:6      | Reached XP level 9. HP: 67/69 MP: 14/14
  5334 | D:6      | Reached *** piety under Cheibriados
  5785 | D:6      | Found a staircase to the Ecumenical Temple.
  5829 | D:6      | Found Fium's Armour Shop.
  5835 | D:6      | Bought a +0 buckler for 45 gold pieces
  6456 | D:7      | Reached skill level 1 in Shields
  7092 | D:7      | Found Kuomudaf's Antique Armour Shoppe.
  7114 | D:7      | Reached skill level 8 in Invocations
  7225 | D:7      | Found a shimmering altar of Xom.
  7317 | D:8      | Slain by a wight

Illustrated notes

Levels and vault maps discovered:
D:1:      dpeg_arrival_rooms_c, layout_basic, dreamdust_princess_corridor,
          amcnicky_mini_corridor_feature, minmay_octomino_c4
D:2:      layout_basic, kennysheep_boxes
D:3:      minmay_octagon_keep, layout_basic, slow_altar_1,
          hellmonk_ecumenical_altar_heavens_door
D:4:      layout_loops_corners, fedhas_ov_isle_minmay, pf_just_have_faith,
          grunt_dithmenos_smoke
D:5:      layout_loops_corners, serial_shops, nicolae_shop_hallway_plus,
          grunt_ministairs_14, st_stairs_13
D:6:      layout_basic, minmay_temple_entry_arrows, serial_shops, shop
D:7:      layout_rooms, amethyst_overflow_temple_binary, serial_shops, shop,
          nicolae_water_bricks
D:8:      layout_basic, minmay_overflow_temple_star_quad, kennysheep_mini,
          minmay_ruined_shrine

Skill      XL: |  1  2  3  4  5  6  7  8  9 |
---------------+----------------------------+-----
Fighting       | 1 2 3 4 5 6 |  6.6
Axes           | 3 4 5 6 |  6.8
Armour         | 2 3 4 5 6 |  6.1
Invocations    | 2 3 5 7 8 |  8.1
Shields        | 2 |  2.3
Dodging        | |  1.0
Stealth        | |  1.0
Spellcasting   | |  3.0

Action                     |  1- 3 |  4- 6 |  7- 9 || total
---------------------------+-------+-------+-------++-------
  Melee: Hand axe          |    69 |   188 |   159 ||   416
         Kick              |     9 |    11 |       ||    20
         Touch             |       |     7 |    26 ||    33
         Tailslap          |       |       |    21 ||    21
 Invoke: Bend Time         |       |       |     3 ||     3
         Temporal Distorti |       |       |     1 ||     1
  Evoke: Wand              |       |       |    11 ||    11
         Condenser vane    |       |       |     2 ||     2
    Use: Scroll            |     3 |     7 |     5 ||    15
         Potion            |       |       |     8 ||     8
   Stab: Confused          |       |       |     2 ||     2
 Armour: Plate armour      |    65 |   214 |   256 ||   535
         Robe              |     4 |       |       ||     4
         Skin              |       |       |    48 ||    48
  Dodge: Dodged            |    11 |    48 |    60 ||   119

Table legend: (Time is in decaauts)
 A = Elapsed time spent in this place.
 B = Non-inter-level travel time spent in this place.
 C = Inter-level travel time spent in this place.
 D = Time resting spent in this place.
 E = Time spent auto-exploring this place.
 F = Levels seen in this place.
 G = Mean time per level.
                   A        B        C        D        E       F      G
               +--------+--------+--------+--------+--------+-----+--------+
         Total |   8924 |   8686 |    238 |    220 |   7454 |   8 | 1115.5 |
       Dungeon |   8924 |   8686 |    238 |    220 |   7454 |   8 | 1115.5 |
               +--------+--------+--------+--------+--------+-----+--------+

Top non-repeatable levels by time:
     D:6: 1603 daAuts
     D:5: 1589 daAuts
     D:4: 1287 daAuts
     D:7: 1222 daAuts
     D:3: 1222 daAuts
     D:2: 1028 daAuts
     D:1: 950 daAuts
     D:8: 21 daAuts
